Map: Ultralove

Players

HUNTERKILLER

  • Race: Zerg Zerg
  • League: Gold
  • Spawn Location: 1:00

GangusKaun - Winner!

  • Race: Protoss Protoss
  • League: Gold
  • Spawn Location: 7:00

VOD

Have the link to the VOD?

Description

Time

  • Played on: Dec. 4, 2024, 6:15 a.m.
  • Length: 16:50
Show
View Real Time Build Order
Export as new Build Order

HUNTERKILLER Zerg 

Build Orders: Hatch First 

Get SALT Encoding   

  12  0:01  Drone  
  13  0:14  Overlord  
  13  0:17  Drone  
  14  0:32  Drone x2  
  16  0:37  Drone  
  17  0:52  Hatchery  
  17  0:54  Drone  
  17  0:58  Drone  
  18  1:12  Spawning Pool  
  18  1:14  Drone  
  18  1:20  Drone  
  18  1:24  Extractor  
  18  1:30  Drone  
  19  1:41  Drone  
  20  1:55  Overlord  
  20  1:59  Queen  
  22  2:04  Queen  
  22  2:06  Drone x2  
  26  2:18  Roach Warren  
  25  2:31  Drone  
  25  2:32  Drone x3  
  29  2:39  Extractor  
  29  2:43  Overlord  
  28  2:44  Overlord  
  28  3:06  Roach x4  
  28  3:12  Roach  
  38  3:13  Roach x3  
  44  3:24  Lair  
  44  3:38  Drone  
  44  3:39  Drone x5  
  50  3:54  Overlord  
  50  3:56  Overlord  
  50  3:59  Roach  
  52  4:14  Roach x2  
  52  4:15  Roach x4  
  64  4:41  Zergling x8  
  68  4:49  Glial Reconstitution  
  68  4:52  Overlord x2  
  68  5:03  Extractor  
  67  5:07  Drone  
  67  5:11  Drone x5, Extractor  
  67  5:12  Drone x6  
  78  5:23  Hydralisk Den  
  77  5:30  Evolution Chamber  
  77  5:32  Ravager x2, Evolution Chamber  
  77  5:33  Ravager x2  
  79  5:44  Roach  
  79  5:45  Roach  
  73  6:18  Ravager  
  73  6:19  Ravager x2  
  74  6:31  Drone x3  
  77  6:34  Hydralisk  
  77  6:35  Hydralisk  
  81  6:56  Drone  
  81  6:57  Drone x2  
  81  7:00  Overlord x3  
  84  7:06  Hatchery  
  83  7:13  Hatchery  
  82  7:28  Metabolic Boost  
  82  7:33  Drone  
  82  7:34  Drone x4  
  82  7:35  Baneling Nest  
  86  7:39  Spore Crawler  
  86  7:41  Spore Crawler  
  84  7:46  Spore Crawler  
  84  7:47  Spore Crawler  
  84  7:48  Hydralisk x4  
  90  7:58  Muscular Augments  
  90  8:02  Hydralisk  
  90  8:03  Hydralisk x4  
  100  8:12  Infestation Pit, Drone  
  100  8:24  Overseer  
  100  8:27  Queen  
  100  8:30  Drone x4  
  100  8:31  Drone x5  
  100  8:32  Drone  
  112  8:40  Queen  
  115  8:41  Drone  
  115  9:06  Roach x2  
  115  9:08  Zergling x2  
  120  9:11  Overlord x3  
  119  9:30  Zergling x8  
  119  9:31  Zergling x22  
  134  9:39  Hive  
  134  9:49  Evolution Chamber  
  133  9:53  Centrifugal Hooks, Evolution Chamber  
  133  9:56  Baneling x3  
  133  9:57  Baneling x13  
  133  9:58  Baneling x8  
  71  10:54  Hydralisk x4  
  71  10:55  Hydralisk x8  
  93  11:08  Spire  
  92  11:16  Zergling x2  
  92  11:17  Zergling x6  
  96  11:31  Zergling x2  
  96  11:32  Zergling x18  
  106  11:33  Zergling x2  
  106  11:36  Grooved Spines  
  107  11:50  Extractor  
  107  11:53  Extractor  
  105  12:01  Drone x3  
  105  12:02  Drone  
  62  12:35  Corruptor x6  
  62  12:36  Corruptor x6  
  84  12:38  Zergling x4  
  84  12:39  Zergling x10  
  91  12:49  Extractor  
  90  12:53  Extractor  
  89  12:59  Drone x2  
  89  13:01  Overseer  
  91  13:06  Baneling  
  91  13:07  Baneling x10  
  91  13:08  Baneling x3  
  91  13:20  Drone x3  
  94  13:31  Drone x3  
  97  13:34  Drone  
  98  13:42  Adrenal Glands  
  98  13:47  Hydralisk  
  98  13:48  Hydralisk x6  
  112  14:00  Viper  
  115  14:11  Viper  
  118  14:21  Zergling x2  
  118  14:22  Zergling x24  
  118  14:23  Zergling x10  
  136  14:25  Overlord x2  
  136  14:26  Overlord  
  136  14:40  Hatchery  
  136  14:43  Drone  
  136  14:44  Drone  
  137  14:56  Zerg Missile Weapons Level 1  
  137  15:11  Hydralisk x4  
  137  15:12  Hydralisk x3  
  106  15:42  Hydralisk  
  92  15:43  Hydralisk x11  
  92  15:44  Hydralisk x2  
Show
View Real Time Build Order
Export as new Build Order

GangusKaun Protoss - Winner!

Build Orders: 1 Gate Expand, Oracle Opening 

Get SALT Encoding   

  12  0:01  Probe  
  13  0:17  Pylon  
  13  0:24  Probe  
  14  0:38  Gateway  
  14  0:43  Probe  
  14  0:46  Assimilator  
  15  0:55  Probe  
  16  1:07  Probe  
  17  1:20  Nexus  
  17  1:25  Probe  
  18  1:38  Cybernetics Core  
  18  1:42  Probe  
  19  1:49  Pylon  
  19  1:54  Probe  
  19  1:58  Assimilator  
  19  2:00  Warp Gate  
  20  2:05  Gateway, Adept  
  22  2:20  Probe  
  23  2:32  Probe  
  24  2:50  Probe  
  25  2:53  Probe  
  26  2:59  Stargate  
  26  3:02  Probe  
  27  3:07  Probe  
  28  3:14  Probe  
  28  3:19  Probe  
  30  3:22  Adept  
  30  3:23  Adept  
  30  3:26  Probe  
  35  3:31  Nexus  
  35  3:39  Pylon  
  35  3:42  Probe  
  35  3:45  Oracle  
  39  3:53  Probe  
  39  3:54  Probe  
  41  4:05  Probe  
  41  4:06  Probe  
  43  4:12  Assimilator  
  43  4:17  Probe, Pylon  
  43  4:18  Probe  
  43  4:23  Oracle  
  48  4:29  Probe  
  48  4:30  Probe  
  46  4:41  Shield Battery, Probe  
  47  4:46  Shield Battery  
  47  4:50  Pylon  
  47  5:03  Robotics Facility  
  47  5:06  Gateway  
  47  5:08  Gateway, Probe x3  
  47  5:09  Pylon  
  50  5:17  Gateway  
  54  5:25  Void Ray  
  54  5:58  Stalker x2  
  54  6:01  Immortal  
  62  6:39  Probe  
  64  6:40  Probe x2  
  64  6:41  Immortal  
  64  6:44  Assimilator  
  64  6:46  Gateway  
  69  6:49  Gateway  
  69  6:53  Robotics Facility, Shield Battery  
  69  6:56  Shield Battery  
  69  6:59  Probe x2  
  69  7:00  Pylon  
  69  7:01  Pylon  
  71  7:07  Fleet Beacon  
  71  7:08  Void Ray  
  75  7:10  Stargate  
  75  7:17  Twilight Council  
  75  7:20  Forge  
  75  7:22  Forge  
  75  7:25  Pylon  
  75  7:31  Pylon  
  75  7:34  Probe x3, Pylon  
  78  7:37  Pylon, Assimilator  
  78  7:39  Stalker x5  
  78  7:41  Zealot  
  90  7:51  Probe x3  
  93  8:03  Probe  
  94  8:09  Immortal  
  94  8:12  Charge  
  98  8:13  Carrier  
  98  8:15  Zealot x2  
  98  8:16  Zealot  
  110  8:31  Stargate  
  110  8:36  Templar Archives  
  110  8:41  Pylon  
  110  8:44  Shield Battery, Pylon  
  110  8:46  Photon Cannon  
  110  8:50  Photon Cannon  
  110  8:53  Photon Cannon  
  110  8:57  Assimilator  
  110  8:58  Photon Cannon  
  107  9:21  Carrier, Immortal  
  114  9:35  Probe x2  
  116  9:39  Protoss Ground Weapons Level 1  
  116  9:40  Zealot  
  116  9:41  Zealot x4  
  126  9:50  Protoss Air Weapons Level 1  
  126  10:01  Zealot x5  
  126  10:02  Zealot  
  136  10:15  Nexus  
  136  10:17  Pylon  
  136  10:19  Pylon  
  136  10:20  Immortal  
  130  10:21  Observer, Pylon  
  130  10:25  Carrier  
  137  10:32  Zealot x3  
  127  10:40  Immortal  
  101  10:50  Zealot x4  
  109  10:58  Carrier  
  109  11:00  High Templar x3  
  109  11:03  Probe  
  109  11:04  Probe  
  123  11:08  Blink  
  123  11:11  Protoss Shields Level 1  
  123  11:29  Assimilator  
  123  11:31  Assimilator  
  123  11:33  Shield Battery, Probe x2  
  123  11:35  Shield Battery  
  123  11:36  Zealot x2  
  123  11:37  Stalker, Shield Battery  
  131  11:57  Probe  
  131  11:58  Probe  
  131  11:59  Probe  
  142  12:03  Observer  
  142  12:04  Mothership  
  143  12:09  Probe, Archon  
  143  12:14  High Templar  
  138  12:36  Tempest  
  142  12:39  Phoenix  
  142  12:43  Zealot x3  
  142  12:44  Zealot x3  
  152  12:45  Probe x2  
  158  12:58  Photon Cannon  
  158  13:00  Photon Cannon  
  158  13:03  Photon Cannon  
  158  13:04  Gateway, Phoenix  
  160  13:06  Gateway  
  160  13:07  Probe x2  
  160  13:09  Gateway  
  162  13:14  Pylon  
  162  13:17  Pylon  
  162  13:22  Protoss Ground Weapons Level 2  
  162  13:24  Protoss Ground Armor Level 1  
  162  13:43  Psionic Storm  
  162  13:45  Protoss Air Weapons Level 2, Stalker x2  
  162  13:46  High Templar  
  162  13:47  High Templar x3  
  174  14:02  Stargate  
  174  14:09  Immortal  
  178  14:20  Photon Cannon  
  178  14:22  Photon Cannon  
  178  14:23  Probe  
  178  14:24  Probe  
  180  14:25  Photon Cannon  
  180  14:26  Pylon  
  180  14:31  Shield Battery  
  180  14:33  Shield Battery  
  180  14:39  Carrier  
  180  14:42  Archon x2  
  186  15:03  Stalker x4  
  186  15:04  Stalker x3  
  186  15:59  Warp Prism  
  186  16:08  Robotics Bay  
Tags
 
Add a new tag
Caveats
  • Supply blocks, unpowered buildings, or Contaminate may cause inaccurate times.
  • Supply counts are checked every 10 seconds.